 Dungeon Crawl Stone Soup version 0.32-a0-837-g8d3e27d251 (webtiles) character file.

Game seed: 7076698089061617766

119112 Ajdolov the Pandemonic (level 16, -2/92 HPs)
             Began as a Vine Stalker Monk on Mar 26, 2024.
             Was a High Priest of Makhleb.
             Asphyxiated
             ... on level 1 of the Snake Pit.
             The game lasted 01:06:09 (23664 turns).

Ajdolov the Pandemonic (Vine Stalker Monk)         Turns: 23664, Time: 01:06:10

Health: -2/92      AC: 25    Str: 22    XL:     16   Next: 78%
Magic:  0/29       EV:  0    Int: 10    God:    Makhleb [*****.]
Gold:   1574       SH:  6    Dex: 17    Spells: 15/15 levels left

rFire   + .          .
                       - Unarmed
rCold   + . .        R - +0 buckler
rNeg    . . .        D - +3 chain mail {rPois}
rPois   .            l - +0 helmet
rElec   .            J - +2 cloak
rCorr   .            g - +1 pair of gloves
SInv    .            n - +2 pair of boots
Will    ++...        (no amulet) Stlth
                     p - ring of protection from cold
HPRegen 1.15/turn    s - ring of protection from fire
MPRegen 0.21/turn

%: guardian spirit
@: lethally poisoned (-2 -> -20), poison vulnerable, slowed, constricted,
studying 2 skills, very slow
A: fangs 3, regeneration 1, magic shield, antimagic bite, no potion heal 2
a: Renounce Religion, Minor Destruction, Lesser Servant of Makhleb, Major
Destruction, Greater Servant of Makhleb


You were on level 1 of the Snake Pit.
You worshipped Makhleb.
Makhleb was extremely pleased with you.
You visited 5 branches of the dungeon, and saw 24 of its levels.
You also visited: Sewer, Ossuary and Bailey.

You collected 2722 gold pieces.
You spent 1148 gold pieces at shops.

Inventory:

Missiles
 a - 20 boomerangs
 f - 7 throwing nets
 v - 6 curare-tipped darts
Armour
 g - a +1 pair of gloves (worn)
 l - a +0 helmet (worn)
 n - a +2 pair of boots (worn)
 D - a +3 chain mail of poison resistance (worn)
 J - a +2 cloak (worn)
 R - a +0 buckler (worn)
 S - a +2 plate armour of poison resistance
Jewellery
 p - a ring of protection from cold (left hand)
 s - a ring of protection from fire (right hand)
 x - a ring of see invisible
 y - a ring of fire
 U - a ring of protection from cold
Wands
 i - a wand of acid (13)
 z - a wand of flame (47)
 G - a wand of polymorph (10)
 I - a wand of warping (19)
 K - a wand of charming (21)
 N - a wand of mindburst (8)
 T - a wand of digging (7)
Scrolls
 h - 2 scrolls of immolation
 k - 8 scrolls of teleportation
 m - 3 scrolls of poison
 C - 2 scrolls of blinking
 O - a scroll of amnesia
Potions
 b - 12 potions of ambrosia
 d - a potion of magic {unknown}
 e - 6 potions of enlightenment
 j - 4 potions of resistance
 q - a potion of degeneration {unknown}
 r - 4 potions of attraction {unknown}
 t - 3 potions of mutation {unknown}
 u - 3 potions of curing
 w - a potion of invisibility {unknown}
 B - 5 potions of might
 E - 2 potions of lignification {unknown}
 F - 5 potions of brilliance {unknown}
 M - 4 potions of haste {unknown}
 Q - 2 potions of cancellation {unknown}
Miscellaneous
 L - a lightning rod (4/4)
 V - a sack of spiders


   Skills:
 + Level 13.9 Fighting
 + Level 9.4 Armour
 - Level 5.1 Dodging
 - Level 8.6 Shields
 - Level 10.9 Unarmed Combat
 + Level 17.9 Invocations
 - Level 5.0 Evocations


You had 15 spell levels left.
You didn't know any spells.
Your spell library contained the following spells:

 Spells                   Type           Power      Damage    Failure   Level
 Apportation              Tloc           0%         N/A       91%         1
 Kiss of Death            Conj/Necr      0%         2d5       91%         1
 Sandblast                Erth           0%         2d4       91%         1
 Sting                    Conj/Alch      0%         1d3       91%         1
 Blink                    Tloc           0%         N/A       97%         2
 Ensorcelled Hibernation  Hex/Ice        0%         N/A       97%         2
 Jinxbite                 Hex            0%         N/A       97%         2
 Lesser Beckoning         Tloc           0%         N/A       97%         2
 Mercury Vapours          Alch/Air       0%         N/A       97%         2
 Momentum Strike          Conj/Tloc      0%         3d8       97%         2
 Confusing Touch          Hex            0%         N/A       100%        3
 Gell's Gravitas          Tloc           0%         N/A       100%        3
 Passwall                 Erth           0%         N/A       100%        3
 Stone Arrow              Conj/Erth      0%         3d7       100%        3
 Swiftness                Air            0%         N/A       100%        3
 Teleport Other           Tloc           0%         N/A       100%        3
 Tukima's Dance           Hex            0%         N/A       100%        3
 Brom's Barrelling Bould  Conj/Erth      0%         2d3       100%        4
 Dimensional Bullseye     Hex/Tloc       0%         N/A       100%        4
 Dispel Undead            Necr           0%         3d6       100%        4
 Iskenderun's Mystic Bla  Conj/Tloc      0%         2d3       100%        4
 Olgreb's Toxic Radiance  Alch           0%         N/A       100%        4
 Passage of Golubria      Tloc           0%         N/A       100%        4
 Alistair's Intoxication  Alch           0%         N/A       100%        5
 Yara's Violent Unravell  Hex/Alch       0%         3d3       100%        5


Dungeon Overview and Level Annotations

Branches:
Dungeon (15/15)            Temple (1/1) D:7            Lair (5/5) D:9
 Shoals (0/4) Lair:3        Snake (1/4) Lair:3        Slime (0/5) Lair:4
    Orc (2/2) D:12            Elf (0/3) Orc:2        Vaults (0/5) D:14
 Depths (0/4) D:15          Sewer (visited)         Ossuary (visited)
 Bailey (visited)

Altars:
Ashenzari
Cheibriados
Dithmenos
Elyvilon
Fedhas
Gozag
Hepliaklqana
Kikubaaqudgha
Makhleb
Nemelex Xobeh
Okawaru
Qazlal
Ru
Sif Muna
Trog
Uskayaw
Vehumet
Wu Jian
Xom
Yredelemnul
Zin
The Shining One
Beogh

Shops:
D:6 :   Orc:2 *:(*

Annotations:
D:3 3 runed translucent doors, Morbidden's ghost, weakling DsCj
D:5 1 runed translucent door, flt's ghost, weakling OnDe
D:12 3 runed translucent doors, Arhi's ghost, novice HOMo; Biom's ghost, journeyman DsBe; crabbyslav's ghost, journeyman CoAr; flt's ghost, journeyman OnDe
D:13 1 transporter
Lair:3 exclusion: 2 oklob plants
Lair:5 2 runed translucent doors


Innate Abilities, Weirdness & Mutations

You have razor-sharp teeth.
Your natural rate of healing is unusually fast.
When hurt, damage is shared between your health and your magic reserves.
Your bite disrupts and absorbs the magic of your enemies.
Potions cannot restore your health.


Message History

You bite the naga ritualist, but do no damage.
The naga ritualist is heavily wounded.
* * * LOW HITPOINT WARNING * * *
You feel extremely sick.
You are more poisoned.
The naga ritualist hits you but does no damage.
The naga ritualist grabs you. The naga ritualist constricts you.
Your system rejects the healing.
You feel better.
* * * LOW HITPOINT WARNING * * *
You are poisoned.
The naga ritualist hits you with a +0 halberd.
* * * LOW HITPOINT WARNING * * *
The naga ritualist constricts you. The naga ritualist spits poison at you.
The splash of poison hits you.
You are more poisoned.
You have difficulty breathing.
* * * LOW HITPOINT WARNING * * *
You feel as though you will be slow longer.
The naga ritualist constricts you.
Your system rejects the healing.
You feel better.
You are poisoned.
* * * LOW HITPOINT WARNING * * *
You are more poisoned.
The naga ritualist's toxic aura wanes.
You block the naga ritualist's attack. The naga ritualist constricts you.
Unknown command.
A demon appears!
You feel sick.
The naga ritualist hits you with a +0 halberd!
* * * LOW HITPOINT WARNING * * *
The naga ritualist constricts you.
The naga ritualist calls down the wrath of its god upon you.
You feel yourself grow more vulnerable to poison.
The naga ritualist constricts you.
Your system rejects the healing.
You feel better. The naga ritualist spits poison at you.
The splash of poison hits you!
You are lethally poisoned!
You have difficulty breathing.
You die...

###....#.....###.#######.##
##..###.....## ##....##...# ##.##
##...#####.....#..#.## ..##
#.).##..........#...#### .##
##............##.......## .#
#..)..........##........## ..#
#.............##.......... ).#
#.##.....2....#..........# ....
... ##....@...............#
..........##....N....##.........#
.....#..............###..........
#.....#........# #.......... .
##.......# #.#####...# #......##
### ##### ####$### ###. #.# #..#
#). #.##


You could see a naga ritualist (curare, catching breath, ally target) and a
friendly cacodemon (summoned).

Vanquished Creatures
  Rupert (D:15)
  A dire elephant (D:15)
  Azrael (Lair:3)
  9 hydras
  Harold (D:10)
  2 vault guards (D:14)
  2 catoblepae
  4 ogre magi (Orc:1)
  A centaur warrior (D:15)
  An anaconda (Snake:1)
  3 boulder beetles
  17 two-headed ogres
  7 death yaks
  A shock serpent (Snake:1)
  4 naga warriors (Snake:1)
  Sonja (D:10)
  2 naga sharpshooters (Snake:1)
  An orc high priest (Orc:1)
  A skyshark (Lair:4)
  Nergalle (Lair:1)
  Amaemon (Lair:1)
  2 mana vipers (Snake:1)
  2 lindwurms (Lair:5)
  3 arcanists
  3 necromancers (D:14)
  Pikel (D:5)
  3 naga ritualists (Snake:1)
  2 orc knights
  2 deep elf pyromancers
  2 wolf spiders (D:15)
  2 salamanders
  An orc sorcerer (Orc:1)
  5 cyclopes
  Maurice (D:8)
  A manticore (D:15)
  4 elephants (Lair:1)
  3 meliai
  18 black mambas
  2 naga magi (Snake:1)
  A torpor snail (Lair:2)
  Maggie (D:8)
  3 molten gargoyles (Lair:5)
  3 gargoyles (D:12)
  16 cane toads
  4 kobold demonologists
  Jeremiah (D:8)
  8 komodo dragons
  A rime drake (Lair:3)
  2 efreet (D:15)
  2 merfolk (Lair:3)
  A queen bee (D:11)
  3 trolls
  3 polar bears
  A queen bee (shapeshifter) (D:14)
  Prince Ribbit (D:7)
  30 blink frogs
  8 dream sheep
  8 slime creatures
  A vampire (D:11)
  3 shadows
  2 wraiths
  A spriggan (shapeshifter) (D:15)
  9 wyverns
  Eustachio (D:5)
  2 fire elementals (Snake:1)
  16 humans (D:14)
  3 wargs
  35 yaks
  8 basilisks
  Grum (D:8)
  7 vampire mosquitoes
  2 steam dragons
  Edmund (D:5)
  4 acid dragons
  7 nagas
  6 hell hounds
  14 water moccasins
  23 orc warriors
  26 ogres
  A centaur (D:10)
  20 wolves
  6 kobold brigands
  9 bullfrogs
  2 brain worms (Sewer)
  A gnoll sergeant (D:11)
  6 scorpions
  9 wights
  35 killer bees
  6 electric eels
  8 howler monkeys
  10 lava snakes (Lair:5)
  3 hounds
  5 jellies
  4 sleepcaps
  12 orc priests
  Jessica (D:3)
  Natasha (thrice) (D:3)
  2 iguanas
  25 orc wizards
  8 mummies (Ossuary)
  Robin (D:3)
  6 gnolls
  13 adders
  2 river rats (Sewer)
  A white imp (D:5)
  4 ufetubi
  5 ribbon worms
  71 orcs
  6 bats
  9 endoplasms
  3 giant cockroaches
  2 gnoll zombies (Ossuary)
  20 goblins
  11 hobgoblins
  4 jackals (Sewer)
  24 kobolds
  6 quokkas
  6 ball pythons
  2 frilled lizards
  A hobgoblin zombie (Ossuary)
  A kobold zombie (Ossuary)
  4 orc zombies (Ossuary)
  8 rats
774 creatures vanquished.

Vanquished Creatures (collateral kills)
  2 anacondas (Snake:1)
  3 two-headed ogres (Orc:1)
  A tengu warrior (D:15)
  2 naga sharpshooters (Snake:1)
  2 mana vipers (Snake:1)
  A naga ritualist (Snake:1)
  2 deep elf pyromancers (D:12)
  An ugly thing (D:12)
  4 black mambas
  A naga mage (Snake:1)
  An orange demon (Lair:1)
  A cane toad (Lair:4)
  A polar bear (Lair:1)
  A slime creature (D:12)
  A shadow (D:12)
  2 yaks (Lair:1)
  An orc warrior (D:12)
  3 ogres (Orc:1)
  An orc (D:12)
31 creatures vanquished.

Vanquished Creatures (others)
  A hell hound (Lair:5)
  A gnoll (D:7)
  An orc (D:12)
3 creatures vanquished.

Grand Total: 808 creatures vanquished

Notes
Turn   | Place    | Note
-------+----------+-------------------------------------------
     0 | D:1      | Ajdolov the Vine Stalker Monk began the quest for the Orb.
     0 | D:1      | Reached XP level 1. HP: 11/11 MP: 2/2
   215 | D:1      | Reached XP level 2. HP: 16/16 MP: 3/3
   763 | D:2      | Reached XP level 3. HP: 16/21 MP: 4/4
   935 | D:2      | Reached XP level 4. HP: 18/26 MP: 3/5
  1241 | D:3      | Noticed Jessica
  1246 | D:3      | Killed Jessica
  1249 | D:3      | Noticed Natasha
  1258 | D:3      | Killed Natasha
  1259 | D:3      | Reached skill level 5 in Fighting
  1305 | D:3      | Reached XP level 5. HP: 30/30 MP: 6/6
  1327 | D:3      | Noticed Natasha
  1331 | D:3      | Noticed Robin
  1334 | D:3      | Killed Natasha
  1361 | D:3      | Killed Robin
  1439 | D:3      | Noticed Natasha
  1447 | D:3      | Killed Natasha
  1768 | D:3      | Found a runed translucent gate.
  1768 | D:3      | Noticed Morbidden's ghost (weakling DsCj)
  1769 | D:3      | Found a runed translucent gate.
  1769 | D:3      | Found a runed translucent gate.
  1769 | D:3      | Noticed a kobold brigand
  1909 | D:4      | Reached XP level 6. HP: 22/35 MP: 7/7
  1915 | D:4      | Reached skill level 5 in Unarmed Combat
  2255 | D:4      | Found a glowing drain.
  2270 | Sewer    | Entered a sewer
  2310 | Sewer    | Reached XP level 7. HP: 32/39 MP: 4/8
  3380 | D:5      | Entered Level 5 of the Dungeon
  3513 | D:4      | Gained mutation: You have razor-sharp teeth. [Vine Stalker
                  | growth]
  3513 | D:4      | Reached XP level 8. HP: 41/43 MP: 7/9
  3603 | D:5      | Noticed Edmund
  3625 | D:5      | Killed Edmund
  3813 | D:5      | Found a runed translucent door.
  3975 | D:5      | Found an iron altar of Okawaru.
  3984 | D:5      | Found a glowing golden altar of the Shining One.
  4020 | D:5      | Noticed Pikel
  4030 | D:5      | Killed Pikel
  4031 | D:5      | Reached skill level 10 in Unarmed Combat
  4031 | D:5      | Reached XP level 9. HP: 49/49 MP: 10/10
  4034 | D:5      | Noticed Eustachio
  4056 | D:5      | Killed Eustachio
  4132 | D:5      | Noticed flt's ghost (weakling OnDe)
  4184 | D:6      | Found Kuom's Book Shoppe.
  4242 | D:6      | Found a sand-covered staircase.
  4275 | Ossuary  | Entered an ossuary
  5050 | D:7      | Reached XP level 10. HP: 48/58 MP: 8/11
  5177 | D:7      | Reached skill level 10 in Fighting
  5214 | D:7      | Reached skill level 1 in Armour
  5305 | D:7      | Noticed Prince Ribbit
  5316 | D:7      | Killed Prince Ribbit
  5386 | D:7      | Found a staircase to the Ecumenical Temple.
  5395 | Temple   | Entered the Ecumenical Temple
  5418 | Temple   | Became a worshipper of Makhleb the Destroyer
  5418 | Temple   | Reached * piety under Makhleb
  5418 | Temple   | Reached ** piety under Makhleb
  5656 | D:8      | Noticed Maurice
  5664 | D:8      | Maurice stole a throwing net
  5668 | D:8      | Maurice stole 284 gold
  5678 | D:8      | Killed Maurice
  5679 | D:8      | Reached skill level 1 in Invocations
  5760 | D:8      | Reached skill level 2 in Invocations
  5860 | D:8      | Reached skill level 3 in Invocations
  5903 | D:8      | Found a flagged portal.
  5913 | Bailey   | Entered a bailey
  5994 | Bailey   | Found a large runed translucent door.
  5994 | Bailey   | Found a large runed translucent door.
  5995 | Bailey   | Noticed a deep elf pyromancer
  6031 | Bailey   | Noticed an orc knight
  6042 | Bailey   | Reached skill level 4 in Invocations
  6061 | Bailey   | Killed an orc knight
  6175 | Bailey   | Killed a deep elf pyromancer
  6176 | Bailey   | Reached skill level 5 in Armour
  6176 | Bailey   | Reached skill level 5 in Invocations
  6184 | Bailey   | Identified the +1 chain mail of the Original Sin {Harm
                  | rElec Int-5 Dex+6}
  6363 | D:8      | Noticed Maggie
  6380 | D:8      | Killed Maggie
  6381 | D:8      | Reached XP level 11. HP: 53/63 MP: 14/16
  6488 | D:8      | Noticed Jeremiah
  6508 | D:8      | Killed Jeremiah
  6636 | D:8      | Reached skill level 6 in Invocations
  6638 | D:8      | Reached *** piety under Makhleb
  6772 | D:8      | Noticed Grum
  6793 | D:8      | Killed Grum
  7203 | D:9      | Noticed a boulder beetle
  7281 | D:8      | Killed a boulder beetle
  7388 | D:9      | Noticed a two-headed ogre
  7396 | D:9      | Killed a two-headed ogre
  7423 | D:9      | Reached skill level 7 in Invocations
  7653 | D:9      | Found a staircase to the Lair.
  7980 | D:10     | Entered Level 10 of the Dungeon
  7981 | D:10     | Noticed a two-headed ogre
  8074 | D:10     | Reached **** piety under Makhleb
  8094 | D:10     | Noticed a two-headed ogre
  8101 | D:10     | Killed a two-headed ogre
  8148 | D:10     | Noticed Harold
  8158 | D:10     | Noticed Sonja
  8168 | D:10     | Noticed a cyclops
  8175 | D:10     | Killed a cyclops
  8176 | D:10     | Reached skill level 8 in Invocations
  8240 | D:10     | Killed Sonja
  8248 | D:10     | Killed a two-headed ogre
  8249 | D:10     | Reached XP level 12. HP: 20/67 MP: 7/19
  8338 | D:10     | Killed Harold
  8339 | D:10     | Reached skill level 9 in Invocations
  8714 | D:11     | Reached skill level 1 in Evocations
  9430 | Lair:1   | Entered Level 1 of the Lair of Beasts
  9439 | Lair:1   | Reached ***** piety under Makhleb
  9440 | Lair:1   | Reached skill level 10 in Invocations
  9694 | Lair:1   | Reached skill level 11 in Invocations
  9749 | Lair:1   | Noticed a catoblepas
  9787 | Lair:1   | Killed a catoblepas
 10127 | Lair:1   | Noticed Nergalle
 10134 | Lair:1   | Noticed Amaemon
 10146 | Lair:1   | Killed Nergalle
 10240 | Lair:1   | Killed Amaemon
 10245 | Lair:1   | Reached skill level 12 in Invocations
 10245 | Lair:1   | Reached XP level 13. HP: 72/72 MP: 20/23
 10302 | Lair:1   | Reached skill level 5 in Evocations
 10741 | Lair:2   | Reached skill level 13 in Invocations
 11676 | Lair:3   | Reached skill level 14 in Invocations
 11956 | Lair:3   | Found a staircase to the Snake Pit.
 12334 | Lair:3   | Found a staircase to the Shoals.
 12449 | Lair:3   | Reached skill level 1 in Shields
 12851 | Lair:3   | Reached skill level 15 in Invocations
 13145 | Lair:4   | Reached XP level 14. HP: 74/77 MP: 22/26
 13533 | Lair:4   | Found a staircase to the Slime Pits.
 13835 | Lair:5   | Entered Level 5 of the Lair of Beasts
 14043 | Lair:4   | Reached skill level 5 in Shields
 14667 | Lair:5   | Reached ****** piety under Makhleb
 15631 | D:12     | Found a staircase to the Orcish Mines.
 15732 | D:12     | Found a runed translucent gate.
 15732 | D:12     | Found a runed translucent gate.
 15732 | D:12     | Noticed crabbyslav's ghost (journeyman CoAr)
 15732 | D:12     | Noticed Arhi's ghost (novice HOMo)
 15733 | D:12     | Found a runed translucent gate.
 15733 | D:12     | Noticed flt's ghost (journeyman OnDe)
 15733 | D:12     | Noticed Biom's ghost (journeyman DsBe)
 16588 | Orc:1    | Entered Level 1 of the Orcish Mines
 16645 | Orc:2    | Entered Level 2 of the Orcish Mines
 16657 | Orc:1    | Reached skill level 16 in Invocations
 16657 | Orc:1    | Reached XP level 15. HP: 47/83 MP: 12/28
 17110 | Orc:2    | Paralysed by an ogre mage for 3 turns
 17416 | Orc:2    | Found a roughly hewn altar of Beogh.
 17458 | Orc:2    | Found Feet's Antique Weapon Shoppe.
 17459 | Orc:2    | Found Lovum's Assorted Antiques.
 17459 | Orc:2    | Found Wuhia's Book Shoppe.
 17459 | Orc:2    | Found Velavve's Assorted Antiques.
 17483 | Orc:2    | Bought a scroll of identify for 54 gold pieces
 17483 | Orc:2    | Bought a scroll of identify for 54 gold pieces
 17483 | Orc:2    | Bought a scroll of identify for 54 gold pieces
 17483 | Orc:2    | Bought a tubular ruby ring for 135 gold pieces
 17489 | Orc:2    | Bought a scroll of teleportation for 51 gold pieces
 17674 | Orc:2    | Found a staircase to the Elven Halls.
 18533 | D:13     | Found a transporter.
 18619 | D:13     | You fall into a shaft and drop 2 floors!
 18619 | D:15     | Entered Level 15 of the Dungeon
 18671 | D:14     | Found an ancient bone altar of Kikubaaqudgha.
 18693 | D:14     | Reached skill level 5 in Dodging
 19599 | D:14     | Reached skill level 17 in Invocations
 19610 | D:14     | Found a gate to the Vaults.
 20078 | D:15     | Noticed Rupert
 20086 | D:15     | Paralysed by Rupert for 4 turns
 20092 | D:15     | Killed Rupert
 20093 | D:15     | Reached XP level 16. HP: 26/89 MP: 8/29
 20488 | D:15     | Found a staircase to the Depths.
 21202 | D:6      | Bought a manual of Shields for 800 gold pieces
 21881 | Lair:5   | Found a large runed translucent door.
 21882 | Lair:5   | Found a large runed translucent door.
 22269 | Snake:1  | Entered Level 1 of the Snake Pit
 22273 | Snake:1  | Noticed Azrael
 22287 | Lair:3   | Killed Azrael
 23012 | Lair:3   | Identified a scroll of acquirement
 23012 | Lair:3   | Acquired a manual of Armour
 23663 | Snake:1  | HP: 4/92 [poisoned by a naga ritualist (toxic radiance)]
 23663 | Snake:1  | HP: 1/92 [naga ritualist/+0 halberd (3)]
 23664 | Snake:1  | Asphyxiated

Illustrated notes

Levels and vault maps discovered:
D:1:      roderic_chinese_lattice_arrival, layout_loops_cross
D:2:      layout_rooms, fountainhead, st_stairs_1
D:3:      layout_basic, gammafunk_ghost_nasty_kobolds, uniq_robin, uniq_jessica,
          uniq_natasha
D:4:      layout_loops_ring, cheibrodos_sewer_entry_bend
D:5:      layout_basic, mainiacjoe_overflow_swirl, ebering_ghost_sewer_d,
          uniq_edmund, uniq_pikel, uniq_eustachio
D:6:      layout_rooms, serial_shops, nicolae_book_shop_shelving,
          enter_ossuary_3, minmay_misc_feat_doors
D:7:      layout_gridville, minmay_temple_entry_arrows, serial_bayou,
          serial_bayou_pond_a, serial_bayou_pond_e, serial_bayou_lagoon_b,
          serial_bayou_ford_a, uniq_prince_ribbit1
D:8:      layout_basic, enter_bailey_3, eino_small_chamber_without_monster,
          uniq_grum, uniq_maggie, uniq_maurice, uniq_jeremiah
D:9:      layout_roguey, lair_entry_dummy, minmay_orc_keep
D:10:     layout_rooms, minmay_misc_feat_nine_boxes, uniq_sonja, uniq_harold
D:11:     layout_irregular_city, hangedman_decor_growths
D:12:     layout_gridville, orc_david_3, gammafunk_ghost_cemetery, special_room
          [special_room_bee]
D:13:     layout_rooms, nicolae_diode_basic
D:14:     layout_irregular_city, grunt_vaults_entry_tiered,
          kiku_gazebo_garden_becter
D:15:     hangedman_depths_entry_try_elsewhere_first, layout_long_grid,
          small_statue_intersection, uniq_rupert
Temple:   mainiacjoe_temple_big_plus
Lair:1:   layout_hall_layers, beast_lair_carwin_4, grunt_megastairs_3,
          uniq_nergalle, uniq_amaemon
Lair:2:   layout_chaotic_city, grunt_megastairs_1
Lair:3:   minmay_lair_oklob_chamber, layout_chaotic_city,
          elwin_shoals_entry_rooms, guppyfry_snake_entry_garden
Lair:4:   layout_regular_city, dpeg_slime_entry_corner, minivault_24,
          minivault_27, chequers_serial_rivers_room_a,
          chequers_serial_rivers_marsh
Lair:5:   cheibrodos_lair_end_hotspot, layout_cave_pods, gauntlet_entry_generic,
          nicolae_lair_liquid_snakes
Snake:1:  layout_chambers, serial_shops, shop, corexii_hall_statues_l,
          nicolae_snake_round_shape_thing, grunt_megastairs_2, uniq_azrael
Orc:1:    layout_diamond_mine
Orc:2:    st_orc_ogre_mass, layout_caves, basic_altar, nicolae_orc_crystal_geode

Skill      XL: |  1  2  3  4  5  6  7  8  9 10 11 12 13 14 15 16 |
---------------+-------------------------------------------------+-----
Fighting       | 3 4 5 6 9 10 11 12 13 | 13.9
Unarmed Combat | 4 6 8 10 | 10.9
Armour         | 5 7 8 9 |  9.4
Invocations    | 5 8 12 15 16 17 | 17.9
Evocations     | 4 5 |  5.0
Shields        | 3 8 |  8.6
Dodging        | 5 |  5.1

Action                     |  1- 3 |  4- 6 |  7- 9 | 10-12 | 13-15 | 16-18 || total
---------------------------+-------+-------+-------+-------+-------+-------++-------
  Melee: Unarmed           |    80 |   168 |   320 |   578 |  1222 |   232 ||  2600
         Bite              |    29 |    58 |    95 |   254 |   659 |    98 ||  1193
  Throw: Dart              |       |       |     2 |     7 |     1 |       ||    10
         Throwing net      |       |       |     1 |     1 |       |       ||     2
 Invoke: Minor Destruction |       |       |       |   120 |   273 |   147 ||   540
         Lesser Servant of |       |       |       |     6 |    13 |     1 ||    20
         Major Destruction |       |       |       |       |    24 |    40 ||    64
         Greater Servant o |       |       |       |       |     1 |     4 ||     5
  Evoke: Wand              |       |       |       |     5 |     3 |       ||     8
    Use: Scroll            |       |       |       |     9 |    19 |     7 ||    35
         Potion            |       |       |       |     1 |     1 |     3 ||     5
   Stab: Held in net/web   |       |       |     2 |       |       |       ||     2
         Distracted        |       |       |       |     1 |     2 |       ||     3
 Armour: Robe              |    43 |    41 |       |       |       |       ||    84
         Ring mail         |       |    79 |    77 |       |       |       ||   156
         Chain mail        |       |       |   134 |   680 |  1398 |   294 ||  2506
  Dodge: Dodged            |    44 |   103 |   136 |   274 |   601 |   106 ||  1264
  Block: Buckler           |       |       |       |       |       |    68 ||    68

Table legend: (Time is in decaauts)
 A = Elapsed time spent in this place.
 B = Non-inter-level travel time spent in this place.
 C = Inter-level travel time spent in this place.
 D = Time resting spent in this place.
 E = Time spent auto-exploring this place.
 F = Levels seen in this place.
 G = Mean time per level.
                   A        B        C        D        E       F      G
               +--------+--------+--------+--------+--------+-----+--------+
         Total |  23543 |  21730 |   1813 |   1231 |  14069 |  27 |  872.0 |
       Dungeon |  12275 |  11234 |   1041 |    261 |   7887 |  15 |  818.3 |
        Temple |     45 |      2 |     43 |      0 |      0 |   1 |   45.0 |
          Lair |   6898 |   6257 |    641 |    405 |   4051 |   5 | 1379.6 |
     Snake Pit |   1280 |   1252 |     28 |    223 |    553 |   1 | 1280.0 |
  Orcish Mines |   1617 |   1558 |     59 |    342 |    747 |   2 |  808.5 |
         Sewer |    899 |    899 |      0 |      0 |    616 |   1 |  899.0 |
       Ossuary |    208 |    208 |      0 |      0 |    110 |   1 |  208.0 |
        Bailey |    317 |    317 |      0 |      0 |    104 |   1 |  317.0 |
               +--------+--------+--------+--------+--------+-----+--------+

Top non-repeatable levels by time:
  Lair:5: 1993 daAuts
     D:8: 1444 daAuts
  Lair:3: 1393 daAuts
 Snake:1: 1280 daAuts
  Lair:1: 1268 daAuts
  Lair:4: 1208 daAuts
    D:12: 1167 daAuts
    D:14: 1119 daAuts
  Lair:2: 1034 daAuts
    D:15: 1005 daAuts
   Orc:1: 901 daAuts
   Sewer: 899 daAuts
    D:11: 883 daAuts
     D:4: 809 daAuts
     D:5: 775 daAuts
